 Dungeon Sprint DCSS version 0.30-a0-1160-g6e42c06551 (webtiles) character file.

Game seed: 3669359581919702148

12219 howech the Imperceptible (level 11, -2/47 HPs)
             Began as a Spriggan Enchanter on Apr 25, 2023.
             Was the Champion of Sif Muna.
             Slain by a hog (9 damage)
             ... in the Dungeon (Sprint I: "Red Sonja").
             The game lasted 00:13:20 (1249 turns).

howech the Imperceptible (Spriggan Enchanter)       Turns: 1249, Time: 00:13:21

Health: -2/47      AC:  2    Str:  4    XL:     11   Next: 59%
Magic:  3/30       EV: 17    Int: 22    God:    Sif Muna [******]
Gold:   1151       SH:  0    Dex: 15    Spells: 29/39 levels left

rFire   + . .        e - +0 dagger of Mudoupn {spect, rF+ Will+}
rCold   . . .        (no shield)
rNeg    . . .        b - +0 robe
rPois   .            (helmet restricted)
rElec   .            (no cloak)
rCorr   .            (gloves unavailable)
SInv    +            (boots unavailable)
Will    ++...        (no amulet)
Stlth   +++++++++    (no ring)
HPRegen 0.27/turn    (no ring)
MPRegen 0.22/turn

%: no teleportation
@: very quick
A: very small, no large weapons, unfitting armour, see invisible, speed 3
a: Renounce Religion, Channel Magic, Forget Spell, Divine Exegesis


You were in the Dungeon.
You worshipped Sif Muna.
Sif Muna was exalted by your worship.
You visited 1 branch You collected 1647 gold pieces.
You spent 466 gold pieces at shops.
You donated 30 gold pieces to Zin.

Inventory:

Hand Weapons
 a - a +1 dagger
 e - the +0 dagger of Mudoupn (weapon) {spect, rF+ Will+}
   (You bought it in a shop in the Dungeon)

   rF:        It protects you from fire.
   Will:      It increases your willpower.
 m - a +0 dagger of electrocution
 p - a +3 dagger of freezing
Missiles
 l - 4 curare-tipped darts (quivered)
 q - a throwing net
Armour
 b - a +0 robe (worn)
Wands
 h - a wand of roots (10)
 j - a wand of flame (9)
 k - a wand of charming (10)
Scrolls
 i - 2 scrolls of blinking
 n - 2 scrolls of identify {unknown}
Potions
 c - 2 potions of invisibility
 d - a potion of curing
 g - 2 potions of magic
 o - a potion of resistance {unknown}
Miscellaneous
 r - a box of beasts


   Skills:
 - Level 11.2 Short Blades
 - Level 2.6 Dodging
 * Level 25.2 Stealth
 + Level 14.6 Spellcasting
 * Level 6.0 Conjurations
 - Level 12.0 Hexes
 * Level 6.6 Fire Magic
 - Level 8.1 Ice Magic
 + Level 5.0 Air Magic


You had 29 spell levels left.
You knew the following spells:

 Your Spells              Type           Power      Damage    Failure   Level
a - Ensorcelled Hibernat  Hex/Ice        100%       N/A       1%          2
b - Confusing Touch       Hex            62%        N/A       1%          3
c - Fireball              Conj/Fire      22%        3d10      8%          5

Your spell library contained the following spells:

 Spells                   Type           Power      Damage    Failure   Level
 Searing Ray              Conj           84%        2d7       1%          2
 Dazzling Flash           Conj/Hex       100%       N/A       1%          3
 Tukima's Dance           Hex            62%        N/A       1%          3
 Cigotuvi's Dreadful Rot  Necr/Pois/Air  46%        N/A       2%          2
 Sticky Flame             Conj/Fire      44%        2d6       2%          4
 Anguish                  Hex/Necr       21%        N/A       3%          4
 Airstrike                Air            19%        2d(3-19)  4%          4
 Sublimation of Blood     Necr           16%        N/A       6%          2
 Wereblood                Tmut           16%        N/A       6%          2
 Summon Ice Beast         Ice/Summ       34%        N/A       7%          4
 Freezing Cloud           Conj/Ice/Air   22%        6-21      8%          5
 Iskenderun's Battlesphe  Conj           42%        2d9       9%          5
 Summon Mana Viper        Hex/Summ       42%        N/A       9%          5
 Irradiate                Conj/Tmut      14%        3d16      30%         5
 Petrify                  Tmut/Erth      16%        N/A       36%         4
 Plasma Beam              Fire/Air       20%        2x1d35    45%         6
 Conjure Ball Lightning   Conj/Air       20%        3x3d6     52%         6
 Iron Shot                Conj/Erth      14%        9d4       86%         6
 Orb of Destruction       Conj           21%        9d8       95%         7
 Eringya's Noxious Bog    Tmut/Pois      8%         N/A       99%         6
 Statue Form              Tmut/Erth      10%        N/A       99%         6
 Malign Gateway           Summ/Tloc      8%         N/A       100%        7
 Monstrous Menagerie      Summ           8%         N/A       100%        7
 Storm Form               Tmut/Air       13%        N/A       100%        7
 Borgnjor's Revivificati  Necr           8%         N/A       100%        8


Dungeon Overview and Level Annotations

Branches:
Dungeon (1/1)

Altars:
Cheibriados
Dithmenos
Elyvilon
Fedhas
Gozag
Hepliaklqana
Kikubaaqudgha
Makhleb
Nemelex Xobeh
Okawaru
Qazlal
Ru
Sif Muna
Trog
Uskayaw
Vehumet
Wu Jian
Xom
Yredelemnul
Zin
The Shining One
Jiyva
Lugonu

Shops:
D !*((*?[(*(!=(***?:[[(


Innate Abilities, Weirdness & Mutations

You are very small and have problems with some larger weapons.
You are too small for most types of armour.
You have supernaturally acute eyesight. (SInv)
You cover ground extremely quickly. (Speed+++)


Message History

Confirm with . or Enter, or press ? or * to list all spells.
Aiming: Ensorcelled Hibernation (safe; 1% risk of failure)
Press: ? - help, Shift-Dir - straight line, f - hog
Aim: a hog (chance to affect: 71%)
Okay, then.
You pick up Sif Muna's Quarto of Cooperative Misery {god gift} and begin reading...
You add the spells Cigotuvi's Dreadful Rot, Anguish, Summon Ice Beast, Summon Mana Viper, Monstrous Menagerie, Malign Gateway and Borgnjor's Revivification to your library.
The hog closely misses you.
Casting: Ensorcelled Hibernation (safe; 1% risk of failure)
Confirm with . or Enter, or press ? or * to list all spells.
Aiming: Ensorcelled Hibernation (safe; 1% risk of failure)
Press: ? - help, Shift-Dir - straight line, f - hog
Aim: a hog (purple smoke, chance to affect: 71%)
The hog looks drowsy...
The helpless hog fails to defend itself.
You spit the hog like the proverbial pig!!!!!
You kill the hog!
Sif Muna accepts your kill.
Casting: Ensorcelled Hibernation (safe; 1% risk of failure)
Confirm with . or Enter, or press ? or * to list all spells.
Aiming: Ensorcelled Hibernation (safe; 1% risk of failure)
Press: ? - help, Shift-Dir - straight line, f - hog
Aim: a hog (purple smoke, chance to affect: 71%)
Okay, then.
The hog completely misses you.
Casting: Ensorcelled Hibernation (safe; 1% risk of failure)
Confirm with . or Enter, or press ? or * to list all spells.
Aiming: Ensorcelled Hibernation (safe; 1% risk of failure)
Press: ? - help, Shift-Dir - straight line, f - hog
Aim: a hog (purple smoke, chance to affect: 71%)
The hog struggles to resist.
The hog bites you!
* * * LOW HITPOINT WARNING * * *
Unknown command.
Casting: Ensorcelled Hibernation (safe; 1% risk of failure)
Confirm with . or Enter, or press ? or * to list all spells.
Aiming: Ensorcelled Hibernation (safe; 1% risk of failure)
Press: ? - help, Shift-Dir - straight line, f/p - hog
Aim: a hog (purple smoke, chance to affect: 71%)
The hog struggles to resist.
The hog bites you!
You die...

########################
__#..'...#[)#.§§@hh§§.§h
†.'..#)).##'#§####§§§§.#
__####...'.§#§# #§..##
###(.#####.§§§# ##+#
§~§.)#..##+####
§§§§.'.†# §§~.)#..#
#'#####'### ....###.'$#


You could see 2 hogs.

Vanquished Creatures
  2 centaur warriors (D)
  Sonja (D)
  A deep troll (D)
  A lindwurm (D)
  An oklob plant (D)
  8 shining eyes (D)
  4 demonic crawlers (D)
  2 unseen horrors (D)
  2 kobold demonologists (D)
  A hornet (D)
  Sigmund (D)
  A slime creature (D)
  A yak (D)
  11 hogs (D)
  2 redbacks (D)
  6 floating eyes (D)
  An ogre (D)
  7 necrophages (D)
  8 jellies (D)
  Ijyb (D)
62 creatures vanquished.

Notes
Turn   | Place    | Note
-------+----------+-------------------------------------------
     0 | D        | howech the Spriggan Enchanter began the quest for the Orb.
     0 | D        | Reached XP level 1. HP: 9/9 MP: 5/5
     2 | D        | Noticed Ijyb
     9 | D        | Killed Ijyb
    10 | D        | Reached skill level 7 in Stealth
    10 | D        | Reached skill level 1 in Ice Magic
    10 | D        | Reached XP level 2. HP: 13/13 MP: 6/8
    28 | D        | Learned a level 2 spell: Ensorcelled Hibernation
    44 | D        | Noticed an ogre
    51 | D        | Killed an ogre
    52 | D        | Reached skill level 10 in Stealth
    52 | D        | Reached skill level 5 in Spellcasting
    52 | D        | Reached XP level 3. HP: 16/16 MP: 7/11
    52 | D        | Reached XP level 4. HP: 21/21 MP: 7/12
    63 | D        | Noticed Sigmund
    68 | D        | Killed Sigmund
    69 | D        | Reached skill level 12 in Stealth
    69 | D        | Reached XP level 5. HP: 23/24 MP: 3/15
    69 | D        | Reached XP level 6. HP: 27/28 MP: 3/17
   164 | D        | Found a shimmering blue altar of Sif Muna.
   165 | D        | Found an ornate altar of the Wu Jian Council.
   166 | D        | Found a radiant altar of Vehumet.
   171 | D        | Reached skill level 13 in Stealth
   198 | D        | Found Komausuy's Weapon Emporium.
   198 | D        | Found an ancient bone altar of Kikubaaqudgha.
   198 | D        | Found a hazy altar of Hepliaklqana.
   198 | D        | Found a stormy altar of Qazlal.
   198 | D        | Found a hide-covered altar of Uskayaw.
   198 | D        | Found a blossoming altar of Fedhas.
   198 | D        | Found a bloodstained altar of Trog.
   198 | D        | Found an iron altar of Okawaru.
   198 | D        | Found a basalt altar of Yredelemnul.
   198 | D        | Found a glowing golden altar of the Shining One.
   198 | D        | Found a snail-covered altar of Cheibriados.
   198 | D        | Found a sacrificial altar of Ru.
   198 | D        | Found a glowing silver altar of Zin.
   198 | D        | Found a shadowy altar of Dithmenos.
   198 | D        | Found a white marble altar of Elyvilon.
   198 | D        | Noticed a yak
   199 | D        | Found an opulent altar of Gozag.
   200 | D        | Killed a yak
   201 | D        | Reached skill level 14 in Stealth
   201 | D        | Reached skill level 5 in Ice Magic
   201 | D        | Found a sparkling altar of Nemelex Xobeh.
   207 | D        | Became a worshipper of Zin the Law-Giver
   207 | D        | Reached * piety under Zin
   207 | D        | Reached ** piety under Zin
   207 | D        | Reached *** piety under Zin
   207 | D        | Reached **** piety under Zin
   207 | D        | Reached ***** piety under Zin
   207 | D        | Reached ****** piety under Zin
   214 | D        | Noticed Sonja
   219 | D        | Killed Sonja
   220 | D        | Reached skill level 16 in Stealth
   220 | D        | Reached XP level 7. HP: 20/32 MP: 17/21
   236 | D        | Found Ymutt's Distillery.
   244 | D        | Bought a potion of degeneration for 12 gold pieces
   279 | D        | Noticed a shining eye
   279 | D        | Noticed a shining eye
   279 | D        | Noticed a shining eye
   279 | D        | Noticed a shining eye
   279 | D        | Noticed a shining eye
   279 | D        | Noticed a shining eye
   282 | D        | Reached skill level 17 in Stealth
   282 | D        | Reached XP level 8. HP: 36/36 MP: 19/22
   283 | D        | Noticed a shining eye
   283 | D        | Noticed a shining eye
   286 | D        | Reached skill level 10 in Hexes
   288 | D        | Reached skill level 5 in Short Blades
   293 | D        | Reached skill level 10 in Spellcasting
   297 | D        | Killed a shining eye
   298 | D        | Reached skill level 18 in Stealth
   355 | D        | Killed a shining eye
   356 | D        | Reached skill level 19 in Stealth
   356 | D        | Reached XP level 9. HP: 39/39 MP: 24/24
   383 | D        | Killed a shining eye
   390 | D        | Killed a shining eye
   391 | D        | Reached skill level 20 in Stealth
   435 | D        | Killed a shining eye
   480 | D        | Killed a shining eye
   481 | D        | Reached skill level 21 in Stealth
   523 | D        | Killed a shining eye
   524 | D        | Reached XP level 10. HP: 44/44 MP: 27/27
   580 | D        | Killed a shining eye
   581 | D        | Reached skill level 22 in Stealth
   605 | D        | Fell from the grace of Zin
   605 | D        | Became a worshipper of Sif Muna the Loreminder
   624 | D        | Found Obufitru's General Store.
   624 | D        | Found Xousu's Assorted Antiques.
   624 | D        | Found Ugis Mer's Magic Scroll Boutique.
   624 | D        | Found Reatonn's Weapon Emporium.
   640 | D        | Bought a runed dagger for 110 gold pieces
   664 | D        | Learned a level 3 spell: Confusing Touch
   664 | D        | Noticed a deep troll
   668 | D        | Killed a deep troll
   678 | D        | Found Qigriy's Armour Emporium.
   703 | D        | Learned a level 5 spell: Fireball
   705 | D        | Noticed a centaur warrior
   705 | D        | Noticed a centaur warrior
   708 | D        | Killed a centaur warrior
   709 | D        | Reached skill level 23 in Stealth
   709 | D        | Reached skill level 1 in Conjurations
   709 | D        | Reached skill level 1 in Fire Magic
   709 | D        | Reached skill level 1 in Air Magic
   709 | D        | Killed a centaur warrior
   709 | D        | Reached * piety under Sif Muna
   710 | D        | Reached skill level 10 in Short Blades
   729 | D        | Noticed an oklob plant
   731 | D        | Killed an oklob plant
   738 | D        | Reached ** piety under Sif Muna
   758 | D        | Reached *** piety under Sif Muna
   776 | D        | Reached XP level 11. HP: 47/47 MP: 29/29
   776 | D        | Reached **** piety under Sif Muna
   781 | D        | Reached skill level 24 in Stealth
   789 | D        | Reached ***** piety under Sif Muna
   794 | D        | Received a gift from Sif Muna
   809 | D        | Got Padghamp's Encyclopedia of Arenous Variation {god gift}
   814 | D        | Found Joroq's Antique Weapon Shoppe.
   814 | D        | Found Lodgheb's Armour Shop.
   814 | D        | Found Zopom's Assorted Antiques.
   816 | D        | Found Plog's Antique Weapon Emporium.
   816 | D        | Found Huwau's Distillery.
   816 | D        | Found Inoithrit's Jewellery Shoppe.
   816 | D        | Found Ygirph's Weapon Boutique.
   816 | D        | Found Peyxt's Assorted Antiques.
   816 | D        | Found Ymniog's General Store.
   816 | D        | Found Zotogh's Assorted Antiques.
   820 | D        | Found Lonam's Magic Scroll Boutique.
   821 | D        | Found Qazileim's Armour Emporium.
   821 | D        | Found Wimnaque's Book Boutique.
   822 | D        | Found Nichocka's Weapon Emporium.
   875 | D        | Found a burning altar of Makhleb.
   875 | D        | Found a viscous altar of Jiyva.
   875 | D        | Found a shimmering altar of Xom.
   875 | D        | Found a corrupted altar of Lugonu.
   895 | D        | Paralysed by a floating eye for 2 turns
   912 | D        | Reached skill level 5 in Fire Magic
  1009 | D        | Received a gift from Sif Muna
  1012 | D        | Got Haroy's Textbook on Pneumatic Injury {god gift}
  1022 | D        | Reached skill level 5 in Conjurations
  1169 | D        | Bought the +0 dagger of Mudoupn {spect, rF+ Will+} for 344
                  | gold pieces
  1202 | D        | Noticed a lindwurm
  1205 | D        | Killed a lindwurm
  1224 | D        | Received a gift from Sif Muna
  1229 | D        | Reached skill level 25 in Stealth
  1239 | D        | Reached ****** piety under Sif Muna
  1243 | D        | Received a gift from Sif Muna
  1244 | D        | Reached skill level 5 in Air Magic
  1244 | D        | Got Sif Muna's Quarto of Cooperative Misery {god gift}
  1249 | D        | Slain by a hog

Illustrated notes

Levels and vault maps discovered:
D:        dungeon_sprint_1 [red_sonja_temple_1, red_sonja_temple_small_1]

Skill      XL: |  1  2  3  4  5  6  7  8  9 10 11 |
---------------+----------------------------------+-----
Stealth        | 7 10 12 16 17 19 21 23 25 | 25.2
Spellcasting   | 4 5 7 9 10 12 13 14 | 14.6
Hexes          | 4 6 7 9 11 12 | 12.0
Ice Magic      | 1 3 4 6 7 8 |  8.1
Short Blades   | 4 6 8 10 11 | 11.2
Conjurations   | 3 6 |  6.0
Fire Magic     | 4 6 |  6.6
Air Magic      | 3 5 |  5.0
Dodging        | |  2.6

Action                     |  1- 3 |  4- 6 |  7- 9 | 10-12 || total
---------------------------+-------+-------+-------+-------++-------
  Melee: Dagger            |     7 |     4 |   212 |   112 ||   335
         Punch             |       |       |     6 |     1 ||     7
  Throw: Dart              |       |       |     1 |       ||     1
   Cast: Ensorcelled Hiber |     1 |     4 |     7 |    34 ||    46
         Confusing Touch   |       |       |       |     2 ||     2
 Invoke: Recite            |       |       |     1 |       ||     1
    Use: Potion            |     1 |       |       |     3 ||     4
   Stab: Sleeping          |     2 |     4 |     6 |    42 ||    54
         Confused          |       |       |       |     2 ||     2
  Dodge: Dodged            |     4 |     1 |       |    17 ||    22

Table legend: (Time is in decaauts)
 A = Elapsed time spent in this place.
 B = Non-inter-level travel time spent in this place.
 C = Inter-level travel time spent in this place.
 D = Time resting spent in this place.
 E = Time spent auto-exploring this place.
 F = Levels seen in this place.
 G = Mean time per level.
                   A        B        C        D        E       F      G
               +--------+--------+--------+--------+--------+-----+--------+
         Total |    937 |    904 |     33 |    306 |      0 |   1 |  937.0 |
       Dungeon |    937 |    904 |     33 |    306 |      0 |   1 |  937.0 |
               +--------+--------+--------+--------+--------+-----+--------+

Top non-repeatable levels by time:
       D: 937 daAuts
